 Dungeon Crawl Stone Soup version 0.25-a0-733-gf7d8cd8a05 (webtiles) character file.

Game seed: 2545939375178308896, levelgen mode: deterministic

2182 esteth the Thaumaturge (level 9, -1/65 HPs)
             Began as a Gnoll Wizard on Mar 13, 2020.
             Was a Believer of Dithmenos.
             Slain by a killer bee (9 damage)
             ... on level 8 of the Dungeon on Apr 9, 2020.
             The game lasted 00:17:43 (7457 turns).

esteth the Thaumaturge (Gnoll Wizard)               Turns: 7457, Time: 00:17:44

Health: -1/65      AC:  6    Str: 11    XL:     9   Next: 33%
Magic:  3/21       EV: 15    Int: 23    God:    Dithmenos [**....]
Gold:   223        SH:  0    Dex: 13    Spells: 16/24 levels left

rFire    . . .     SeeInvis .   r - +0 dagger (venom)
rCold    . . .     Gourm    .   (no shield)
rNeg     . . .     Faith    .   a - +0 robe
rPois    +         Spirit   .   b - +0 hat
rElec    .         Reflect  .   C - +0 cloak {rPois}
rCorr    +         Harm     .   o - +0 pair of gloves
MR       .....                  p - +1 pair of boots
Stlth    ++++......             (no amulet)
HPRegen  0.20/turn              A - ring of poison resistance
MPRegen  0.17/turn              z - ring of resist corrosion

@: flying, mesmerised, wreathed by umbra, lightly drained
A: distributed training, fangs 1, strong nose
a: Shadow Step, Renounce Religion


You were on level 8 of the Dungeon.
You worshipped Dithmenos.
Dithmenos was pleased with you.
You were very hungry.

You visited 1 branch of the dungeon, and saw 8 of its levels.

You collected 395 gold pieces.
You spent 172 gold pieces at shops.

Inventory:

Hand Weapons
 e - a +1 dagger
 q - a +0 hunting sling
 r - a +0 dagger of venom (weapon)
Missiles
 f - 220 stones (quivered)
 x - a throwing net
Armour
 a - a +0 robe (worn)
 b - a +0 hat (worn)
 o - a +0 pair of gloves (worn)
 p - a +1 pair of boots (worn)
 C - a +0 cloak of poison resistance (worn)
Jewellery
 z - a ring of resist corrosion (right hand)
 A - a ring of poison resistance (left hand)
Wands
 y - a wand of polymorph (13)
 L - a wand of disintegration (10)
Scrolls
 h - a scroll of blinking {unknown}
 i - 2 scrolls of noise {unknown}
 k - 3 scrolls of amnesia {unknown}
 m - 3 scrolls of teleportation {unknown}
 n - 6 scrolls of identify
 s - 2 scrolls of immolation {unknown}
 t - 2 scrolls of remove curse
 w - a scroll of enchant weapon
 B - 2 scrolls of vulnerability {unknown}
 D - 2 scrolls of fear {unknown}
 E - a scroll of enchant armour {unknown}
 F - a scroll of acquirement {unknown}
 H - a scroll of magic mapping {unknown}
 I - a scroll of random uselessness {unknown}
Potions
 g - 3 potions of flight
 j - a potion of mutation {unknown}
 l - 2 potions of brilliance {unknown}
 u - 2 potions of invisibility {unknown}
 v - a potion of heal wounds {unknown}
 G - a potion of might {unknown}
 J - a potion of curing {unknown}
Comestibles
 d - 9 rations


   Skills:
 + Level 4.0(3.6) Fighting
 + Level 4.0(3.6) Short Blades
 + Level 4.0(3.6) Long Blades
 + Level 4.0(3.6) Axes
 + Level 4.0(3.6) Maces & Flails
 + Level 4.0(3.6) Polearms
 + Level 4.0(3.6) Staves
 + Level 4.0(3.6) Slings
 + Level 4.0(3.6) Bows
 + Level 4.0(3.6) Crossbows
 + Level 4.0(3.6) Throwing
 + Level 4.0(3.6) Armour
 + Level 6.2(5.7) Dodging
 + Level 5.9(5.4) Stealth
 + Level 4.0(3.6) Shields
 + Level 4.0(3.6) Unarmed Combat
 + Level 8.3(7.8) Spellcasting
 + Level 4.0(3.6) Conjurations
 + Level 3.3(2.9) Hexes
 + Level 3.3(2.9) Charms
 + Level 4.0(3.6) Summonings
 + Level 3.3(2.9) Necromancy
 + Level 4.0(3.6) Translocations
 + Level 3.3(2.9) Transmutations
 + Level 3.3(2.9) Fire Magic
 + Level 3.3(2.9) Ice Magic
 + Level 3.3(2.9) Air Magic
 + Level 3.3(2.9) Earth Magic
 + Level 3.3(2.9) Poison Magic
 + Level 4.5(4.0) Invocations
 + Level 4.0(3.6) Evocations


You had 16 spell levels left.
You knew the following spells:

 Your Spells              Type           Power        Failure   Level  Hunger
a - Magic Dart            Conj           ####         1%          1    None
b - Blink                 Tloc           N/A          2%          2    None
c - Call Imp              Summ           ####....     2%          2    None
d - Mephitic Cloud        Conj/Pois/Air  ###.....     6%          3    None

Your spell library contained the following spells:

 Spells                   Type           Power        Failure   Level  Hunger
 Slow                     Hex            ###.....     3%          2    None
 Conjure Flame            Conj/Fire      ###.....     5%          3    None


Dungeon Overview and Level Annotations

Branches:
Dungeon (8/15)             Temple (0/1) D:6
   Lair: D:8-11

Altars:
Dithmenos
Elyvilon
Gozag
Uskayaw
Xom
Yredelemnul

Shops:
D:4 =   D:5 [

Annotations:
D:3 1 runed translucent door, Crazy Yiuf
D:8 Maggie


Innate Abilities, Weirdness & Mutations

Your experience applies equally to all skills.
You have very sharp teeth.
Your uncanny sense of smell can sniff out nearby items.


Message History

Your crimson imp closely misses the adder zombie.
The adder zombie closely misses your crimson imp.
The killer bee closely misses you.
You hit Maggie.
Maggie is lightly wounded.
The killer bee misses you.
Your white imp gestures at the adder zombie.
The puff of frost hits the adder zombie.
The adder zombie resists.
Maggie hits you with a +1 morningstar of flaming!
* * * LOW HITPOINT WARNING * * *
Maggie burns you.
* * * LOW HITPOINT WARNING * * *
Your crimson imp closely misses the adder zombie.
The adder zombie closely misses your crimson imp.
The wight closely misses you. The killer bee barely misses you.
It was a potion of flight.
You feel very buoyant.
You fly up into the air.
The killer bee stings you!
You die...

#........... ###
........... ##..## #
.......... ......#
.## ...†.....
.......#..###z.......
#.......#...†<.......
#........lz.###z.....
#.......@.Z.# .....
#.....y@z5.# .###
#........5.# #
#...........#
##.........(#
#...........#
#..........:.#
#........###+#
#........#


You could see Maggie, a killer bee, 3 wights, an adder zombie, a leopard gecko,
a friendly crimson imp and a friendly white imp.

Vanquished Creatures
  A hippogriff (D:7)
  An ice beast (D:7)
  2 sky beasts
  A phantom (D:7)
  2 ogres
  A centaur (D:5)
  4 killer bees (D:8)
  4 howler monkeys (D:7)
  2 crimson imps
  A jelly (D:7)
  2 hounds (D:4)
  8 orc wizards
  A bullfrog skeleton (D:6)
  A centaur skeleton (D:4)
  An iguana (D:7)
  3 worker ants
  4 gnolls (D:5)
  7 adders
  3 oozes
  2 worms
  4 leopard geckos
  27 orcs
  4 giant cockroaches
  9 goblins
  10 hobgoblins
  4 jackals
  6 quokkas
  A ball python (D:2)
  5 bats
  5 frilled lizards
  3 kobolds
  A leopard gecko skeleton (D:7)
  A leopard gecko zombie (D:5)
  6 rats
137 creatures vanquished.

Vanquished Creatures (collateral kills)
  Grinder (D:3)
  A hungry ghost (D:7)
  An orc warrior (D:7)
  2 orc wizards (D:7)
  A worm (D:2)
  An orc (D:7)
  2 jackals (D:2)
9 creatures vanquished.

Grand Total: 146 creatures vanquished

Notes
Turn   | Place    | Note
-------+----------+-------------------------------------------
     0 | D:1      | esteth the Gnoll Wizard began the quest for the Orb.
     0 | D:1      | Reached XP level 1. HP: 13/13 MP: 8/8
   105 | D:1      | Upgraded the game from 0.25-a0-591-g2ad0d861f1 to
                  | 0.25-a0-707-g603da076d2
   500 | D:1      | Reached XP level 2. HP: 19/20 MP: 3/10
   744 | D:1      | Learned a level 2 spell: Blink
   747 | D:1      | Learned a level 2 spell: Call Imp
  1055 | D:2      | Reached XP level 3. HP: 20/25 MP: 11/11
  1197 | D:2      | Found a basalt altar of Yredelemnul.
  1204 | D:2      | Upgraded the game from 0.25-a0-707-g603da076d2 to
                  | 0.25-a0-733-gf7d8cd8a05
  1484 | D:2      | Found a shadowy altar of Dithmenos.
  1496 | D:2      | Became a worshipper of Dithmenos the Shadowed
  1670 | D:2      | Learned a level 3 spell: Mephitic Cloud
  1687 | D:2      | Reached skill level 1 in Invocations
  2088 | D:2      | Reached skill level 1 in Fighting
  2088 | D:2      | Reached skill level 1 in Short Blades
  2088 | D:2      | Reached skill level 1 in Long Blades
  2088 | D:2      | Reached skill level 1 in Axes
  2088 | D:2      | Reached skill level 1 in Maces & Flails
  2088 | D:2      | Reached skill level 1 in Polearms
  2088 | D:2      | Reached skill level 1 in Staves
  2088 | D:2      | Reached skill level 1 in Slings
  2088 | D:2      | Reached skill level 1 in Bows
  2088 | D:2      | Reached skill level 1 in Crossbows
  2088 | D:2      | Reached skill level 1 in Throwing
  2088 | D:2      | Reached skill level 1 in Armour
  2088 | D:2      | Reached skill level 1 in Shields
  2088 | D:2      | Reached skill level 1 in Unarmed Combat
  2088 | D:2      | Reached skill level 1 in Evocations
  2088 | D:2      | Reached XP level 4. HP: 32/32 MP: 13/13
  2391 | D:3      | Reached skill level 1 in Hexes
  2391 | D:3      | Reached skill level 1 in Charms
  2391 | D:3      | Reached skill level 1 in Necromancy
  2391 | D:3      | Reached skill level 1 in Transmutations
  2391 | D:3      | Reached skill level 1 in Fire Magic
  2391 | D:3      | Reached skill level 1 in Ice Magic
  2391 | D:3      | Reached skill level 1 in Air Magic
  2391 | D:3      | Reached skill level 1 in Earth Magic
  2391 | D:3      | Reached skill level 1 in Poison Magic
  2546 | D:3      | You fall into a shaft and drop 1 floor!
  2558 | D:4      | Reached XP level 5. HP: 35/37 MP: 5/14
  2851 | D:4      | Reached XP level 6. HP: 42/44 MP: 16/16
  2864 | D:4      | Found Esyinn's Jewellery Shoppe.
  3208 | D:4      | Reached * piety under Dithmenos
  3353 | D:4      | Reached skill level 5 in Dodging
  4019 | D:3      | Noticed Grinder
  4041 | D:3      | Killed Grinder
  4041 | D:3      | Reached XP level 7. HP: 19/50 MP: 9/18
  4446 | D:3      | Found a runed translucent door.
  4447 | D:3      | Noticed Crazy Yiuf
  4740 | D:5      | Entered Level 5 of the Dungeon
  4991 | D:5      | Found a shadowy altar of Dithmenos.
  5016 | D:5      | Reached ** piety under Dithmenos
  5064 | D:5      | Found Mivesm's Antique Armour Emporium.
  5074 | D:5      | Reached skill level 5 in Stealth
  5084 | D:5      | Bought an embroidered cloak for 172 gold pieces
  5167 | D:5      | Found a hide-covered altar of Uskayaw.
  5481 | D:6      | Found a staircase to the Ecumenical Temple.
  5574 | D:6      | Reached XP level 8. HP: 57/57 MP: 19/19
  5924 | D:7      | Found an opulent altar of Gozag.
  5933 | D:7      | Noticed a hippogriff
  5951 | D:7      | Killed a hippogriff
  6210 | D:7      | Reached skill level 8 in Spellcasting
  6501 | D:7      | Reached XP level 9. HP: 50/65 MP: 21/21
  7045 | D:7      | Found a shimmering altar of Xom.
  7046 | D:7      | Found a white marble altar of Elyvilon.
  7434 | D:8      | Noticed Maggie
  7457 | D:8      | Slain by a killer bee

Levels and vault maps discovered:
D:1:      heliophobic_arrival_ceremonial_halls, layout_basic
D:2:      layout_loops_corners, yredelemnul_altar_generic, marbit_many_paths,
          first_ration
D:3:      layout_loops_ring, uniq_crazy_yiuf_cottage, uniq_grinder
D:4:      layout_basic, serial_shops,
          nicolae_shop_temple_entry_statues_fountains, dk_vineyard_3,
          ebering_dispersal_statue_hall
D:5:      layout_basic, basic_altar, serial_shops, shop_statue,
          nicolae_dithmenos_shadow_blocks
D:6:      layout_loops_cross, minmay_temple_entry_hall
D:7:      layout_layer_cave, gammafunk_temple_overflow_forgotten,
          enter_ossuary_1, serial_shops, nicolae_shop_waterfront
D:8:      layout_cave_pods, kennysheep_mini_moat, kennysheep_little_box,
          the_bakery, uniq_joseph, uniq_maggie, uniq_psyche

Skill      XL: |  1  2  3  4  5  6  7  8  9 |
---------------+----------------------------+-----
Conjurations   | 2 3 4 |  4.0
Summonings     | 2 3 4 |  4.0
Translocations | 2 3 4 |  4.0
Invocations    | 1 2 3 4 |  4.5
Fighting       | 1 2 3 4 |  4.0
Short Blades   | 1 2 3 4 |  4.0
Long Blades    | 1 2 3 4 |  4.0
Axes           | 1 2 3 4 |  4.0
Maces & Flails | 1 2 3 4 |  4.0
Polearms       | 1 2 3 4 |  4.0
Staves         | 1 2 3 4 |  4.0
Slings         | 1 2 3 4 |  4.0
Bows           | 1 2 3 4 |  4.0
Crossbows      | 1 2 3 4 |  4.0
Throwing       | 1 2 3 4 |  4.0
Armour         | 1 2 3 4 |  4.0
Shields        | 1 2 3 4 |  4.0
Unarmed Combat | 1 2 3 4 |  4.0
Evocations     | 1 2 3 4 |  4.0
Hexes          | 1 2 3 |  3.3
Charms         | 1 2 3 |  3.3
Necromancy     | 1 2 3 |  3.3
Transmutations | 1 2 3 |  3.3
Fire Magic     | 1 2 3 |  3.3
Ice Magic      | 1 2 3 |  3.3
Air Magic      | 1 2 3 |  3.3
Earth Magic    | 1 2 3 |  3.3
Poison Magic   | 1 2 3 |  3.3
Dodging        | 5 6 |  6.2
Stealth        | 5 |  5.9
Spellcasting   | 8 |  8.3

Action                   |  1- 3 |  4- 6 |  7- 9 || total
-------------------------+-------+-------+-------++-------
Melee: Dagger            |    92 |   133 |   375 ||   600
       Bite              |     8 |     8 |    40 ||    56
       Punch             |       |     1 |     6 ||     7
 Fire: Hunting sling     |       |    24 |       ||    24
 Cast: Magic Dart        |    32 |    13 |     8 ||    53
       Call Imp          |     3 |     3 |    21 ||    27
       Mephitic Cloud    |       |     5 |    18 ||    23
       Blink             |       |     1 |     2 ||     3
  Use: Scroll            |     3 |       |     2 ||     5
       Potion            |       |       |     1 ||     1
 Stab: Sleeping          |     4 |     3 |    12 ||    19
       Confused          |       |     2 |     9 ||    11
  Eat: Chunk             |     4 |     6 |    14 ||    24
Armor: Robe              |    12 |    32 |    50 ||    94
Dodge: Dodged            |    68 |    84 |   277 ||   429

Table legend:
 A = Non-vault XP
 B = Vault XP
 C = Vault XP percentage of total XP
 D = Non-vault monster count
 E = Vault monster count
 F = Vault count percentage of total count
                 A         B        C        D         E       F
            +---------+---------+-------+---------+---------+-------
      Total |    2882 |     236 |   7.6 |     144 |       2 |   1.4
            +---------+---------+-------+---------+---------+-------
        D:1 |      27 |       0 |   0.0 |      14 |       0 |   0.0
        D:2 |      56 |       2 |   3.4 |      24 |       1 |   4.0
        D:3 |     104 |     234 |  69.2 |      24 |       1 |   4.0
        D:4 |     311 |       0 |   0.0 |      18 |       0 |   0.0
        D:5 |     366 |       0 |   0.0 |      23 |       0 |   0.0
        D:6 |     320 |       0 |   0.0 |       7 |       0 |   0.0
        D:7 |    1482 |       0 |   0.0 |      30 |       0 |   0.0
        D:8 |     216 |       0 |   0.0 |       4 |       0 |   0.0
            +---------+---------+-------+---------+---------+-------
